Map: Abyssal Reef LE

Players

TooDming - Winner!

  • Race: Zerg Zerg
  • Spawn Location: 11:00

xKawaiian

  • Race: Terran Terran
  • Spawn Location: 5:00

Event: WCS Austin 2017

VOD

Have the link to the VOD?

Description

Time

  • Played on: April 28, 2017, 5:53 p.m.
  • Length: 5:01

All games in this series

Show
View Real Time Build Order
Export as new Build Order

TooDming Zerg - Winner!

Build Orders: Hatch First 

Get SALT Encoding   

  12  0:00  Drone  
  13  0:12  Overlord  
  13  0:17  Drone  
  14  0:30  Drone  
  14  0:31  Drone  
  14  0:35  Drone  
  17  0:52  Hatchery  
  17  0:55  Drone  
  17  0:58  Drone  
  18  1:09  Extractor  
  17  1:13  Spawning Pool  
  17  1:16  Drone  
  17  1:19  Drone  
  18  1:27  Drone  
  19  1:38  Overlord  
  19  2:00  Queen, Zergling x2  
  19  2:01  Zergling x2  
  23  2:03  Queen  
  23  2:04  Zergling x2  
  26  2:08  Metabolic Boost  
  26  2:14  Drone  
  27  2:16  Zergling x2  
  28  2:23  Drone  
  28  2:25  Drone  
  30  2:38  Hatchery  
  29  2:44  Drone  
  29  2:47  Drone  
  29  2:48  Drone  
  32  2:53  Overlord  
  32  3:01  Drone x2  
  31  3:06  Drone  
  31  3:09  Drone x2  
  31  3:12  Drone x3  
  37  3:14  Drone  
  37  3:19  Drone  
  40  3:20  Drone  
  40  3:26  Roach Warren  
  39  3:33  Overlord  
  39  3:36  Queen  
  41  3:43  Queen  
  43  3:51  Drone x2  
  43  3:53  Overlord x2  
  45  3:55  Queen  
  46  4:06  Roach x2  
  46  4:07  Roach x2  
  46  4:08  Roach  
  56  4:14  Roach x2  
  60  4:19  Extractor  
  60  4:21  Extractor  
  58  4:25  Roach x2  
  62  4:31  Roach  
  66  4:38  Roach  
  66  4:39  Drone x2  
  66  4:40  Drone x2  
Show
View Real Time Build Order
Export as new Build Order

xKawaiian Terran 

Build Orders: Hellion Opening 

Get SALT Encoding   

  12  0:01  SCV  
  13  0:13  SCV  
  14  0:17  Supply Depot  
  14  0:25  SCV  
  15  0:28  Refinery  
  15  0:39  SCV  
  16  0:45  Barracks  
  16  0:51  SCV  
  17  1:03  SCV  
  18  1:15  SCV  
  19  1:32  Marine, Orbital Command  
  19  1:38  Factory  
  20  1:50  Barracks Reactor  
  20  2:02  Command Center  
  20  2:05  SCV  
  21  2:12  Supply Depot  
  21  2:22  SCV  
  22  2:25  Factory  
  22  2:34  Hellion  
  22  2:35  Hellion  
  22  2:36  SCV  
  27  2:42  Barracks Reactor  
  27  2:48  SCV  
  27  2:52  Supply Depot  
  29  2:58  Hellion  
  29  3:00  SCV  
  30  3:12  SCV  
  31  3:14  Hellion  
  31  3:15  Supply Depot  
  36  3:27  Hellion  
  36  3:28  Marine  
  36  3:32  Orbital Command  
  36  3:42  Armory  
  36  3:45  Hellion x2  
  40  3:50  Hellion  
  40  3:53  Hellion  
  44  4:03  Marine  
  44  4:06  Hellion x2  
  49  4:12  Hellion  
  49  4:16  Hellion  
  53  4:21  Marine  
  54  4:27  Hellion  
  56  4:33  Hellion x2  
  56  4:39  Marine  
Tags
 
Add a new tag
Caveats
  • Supply blocks, unpowered buildings, or Contaminate may cause inaccurate times.
  • Supply counts are checked every 10 seconds.